 Dungeon Crawl Stone Soup version 0.29-a0-330-g52719c12eb (webtiles) character file.

Game seed: 12252353099225816581

30047 Darthill6464 the Martial Artist (level 13, 0/60 HPs)
             Began as a Vine Stalker Transmuter on May 9, 2022.
             Was a Believer of Uskayaw.
             Slain by a cane toad (6 damage)
             ... on level 5 of the Lair of Beasts.
             The game lasted 01:01:07 (15874 turns).

Darthill6464 the Martial Artist (VSTm)             Turns: 15874, Time: 01:01:08

Health: 0/60       AC: 20    Str: 16    XL:     13   Next: 49%
Magic:  0/29       EV: 12    Int:  9    God:    Uskayaw [**....]
Gold:   2369       SH:  5    Dex: 17    Spells: 31/35 levels left

rFire   + + +      SeeInvis .     - Unarmed
rCold   + . .      Faith    .   (no shield)
rNeg    . . .      Spirit   +   Q - +8 chain mail "Wives" {rF++ Int-4}
rPois   .          Reflect  +   (helmet currently unavailable)
rElec   .          Harm     .   r - scarf {rC+ rF+}
rCorr   .          Rampage  .   I - +2 pair of gloves
Will    +....                   (boots currently unavailable)
Stlth   ++........              E - amulet of reflection
HPRegen 1.00/turn               t - +4 ring of slaying
MPRegen 0.21/turn               A - +4 ring of evasion

@: lethally poisoned (0 -> -1), about to teleport, appendages, wereblooded,
studying Bows
A: horns 2, talons 2, fangs 3, regeneration 1, magic shield, antimagic bite, no
potion heal 2
a: End Transformation, Renounce Religion, Stomp, Line Pass


You were on level 5 of the Lair of Beasts.
You worshipped Uskayaw.
Uskayaw was noncommittal.
You had temporarily grown beastly horns and talons.
You visited 2 branches of the dungeon, and saw 17 of its levels.

You collected 2369 gold pieces.

Inventory:

Missiles
 p - 24 poisoned darts
 F - 3 atropa-tipped darts
 M - a curare-tipped dart
Armour
 r - a scarf of resistance (worn)
 v - a +2 helmet
 x - a +1 robe
 I - a +2 pair of gloves (worn)
 Q - the +8 chain mail "Wives" (worn) {rF++ Int-4}
   (You found it on level 9 of the Dungeon)

   Int:       It affects your intelligence (-4).
   rF:        It greatly protects you from fire.
 R - a +2 hat (melded)
Magical Staves
 h - a staff of poison
Jewellery
 t - a +4 ring of slaying (left hand)
 A - a +4 ring of evasion (right hand)
 E - an amulet of reflection (around neck)
 G - a ring of resist corrosion
Wands
 z - a wand of charming (13)
 J - a wand of flame (13)
 O - a wand of iceblast (7)
Scrolls
 a - a scroll of noise
 f - 3 scrolls of enchant weapon
 j - 3 scrolls of brand weapon
 k - 3 scrolls of blinking
 l - 5 scrolls of teleportation
 m - 2 scrolls of vulnerability
 n - 4 scrolls of identify
 o - 2 scrolls of torment
 s - a scroll of holy word
 y - 5 scrolls of magic mapping {unknown}
 D - 3 scrolls of summoning {unknown}
 K - a scroll of immolation {unknown}
 S - 2 scrolls of fog {unknown}
 T - 3 scrolls of amnesia {unknown}
 U - a scroll of silence {unknown}
Potions
 b - 6 potions of lignification
 c - 4 potions of heal wounds
 d - 4 potions of magic
 e - 4 potions of attraction
 g - a potion of invisibility
 i - 4 potions of brilliance {unknown}
 q - 6 potions of curing {unknown}
 u - 3 potions of degeneration
 w - 2 potions of flight {unknown}
 B - 2 potions of haste {unknown}
 C - a potion of might {unknown}
 H - 2 potions of cancellation {unknown}
 L - 3 potions of mutation {unknown}
 P - 2 potions of ambrosia
Miscellaneous
 N - a box of beasts


   Skills:
 + Level 3.1 Fighting
 + Level 4.2 Armour
 + Level 4.3 Dodging
 + Level 10.2 Stealth
 + Level 3.4 Shields
 + Level 12.7 Unarmed Combat
 + Level 11.6 Spellcasting
 + Level 3.6 Necromancy
 + Level 9.4 Transmutations


You had 31 spell levels left.
You knew the following spells:

 Your Spells              Type           Power      Damage    Failure   Level
a - Beastly Appendage     Tmut           44%        N/A       4%          1
b - Wereblood             Tmut           22%        N/A       6%          2
c - Animate Skeleton      Necr           22%        N/A       41%         1

Your spell library contained the following spells:

 Spells                   Type           Power      Damage    Failure   Level
 Pain                     Necr           44%        1d6       41%         1
 Passwall                 Tmut/Erth      10%        N/A       41%         2
 Sublimation of Blood     Necr           11%        N/A       56%         2
 Spider Form              Tmut/Pois      13%        N/A       65%         3
 Vampiric Draining        Necr           11%        2d6       80%         3
 Foxfire                  Conj/Fire      20%        2x1d5     90%         1
 Freeze                   Ice            20%        1d4       90%         1
 Sandblast                Erth           10%        2d5       90%         1
 Slow                     Hex            20%        N/A       90%         1
 Ice Form                 Ice/Tmut       13%        N/A       96%         4
 Petrify                  Tmut/Erth      13%        N/A       96%         4
 Scorch                   Fire           10%        2d6       97%         2
 Confusing Touch          Hex            5%         N/A       99%         3
 Conjure Flame            Conj/Fire      5%         6-21      99%         3
 Frozen Ramparts          Ice            10%        1d3       99%         3
 Gell's Gravitas          Tloc           5%         N/A       99%         3
 Inner Flame              Hex/Fire       5%         N/A       99%         3
 Lesser Beckoning         Tloc           5%         N/A       99%         3
 Ozocubu's Armour         Ice            5%         N/A       99%         3
 Stone Arrow              Conj/Erth      10%        3d7       99%         3
 Teleport Other           Tloc           5%         N/A       99%         3
 Flame Wave               Conj/Fire      5%         2d5       100%        4
 Hailstorm                Conj/Ice       5%         3d4       100%        4
 Irradiate                Conj/Tmut      6%         3d15      100%        5
 Metabolic Englaciation   Hex/Ice        2%         N/A       100%        5
 Simulacrum               Ice/Necr       4%         N/A       100%        6
 Summon Cactus Giant      Summ           2%         N/A       100%        6


Dungeon Overview and Level Annotations

Branches:
Dungeon (11/15)            Temple (0/1) D:6            Lair (6/6) D:10
 Shoals (0/4) Lair:2        Snake (0/4) Lair:3          Orc (0/2) D:10
  Slime: Lair:5-6

Altars:
Ashenzari
Cheibriados
Dithmenos
Elyvilon
Fedhas
Gozag
Nemelex Xobeh
Okawaru
Sif Muna
Uskayaw
Wu Jian
Xom
Yredelemnul
Zin

Shops:
D:3 *   D:5 *


Innate Abilities, Weirdness & Mutations

You have temporarily grown beastly horns and talons.
You have razor-sharp teeth.
Your natural rate of healing is unusually fast.
When hurt, damage is shared between your health and your magic reserves.
Your bite disrupts and absorbs the magic of your enemies.
Potions cannot restore your health.


Message History

The cane toad closely misses you. The cane toad stings you.
You are poisoned.
The cane toad poisons you! The cane toad stings you.
You climb upwards.
You feel very sick.
There is a stone staircase leading down, spattered with blood here.
As you read the scroll of teleportation, it crumbles to dust.
You feel strangely unstable.
You feel sick. The boulder beetle barely misses you. The cane toad misses you.
The cane toad closely misses you. You block the cane toad's attack.
The cane toad barely misses you.
Unknown command.
Okay, then.
There are monsters nearby!
Unknown command.
You completely miss the boulder beetle. You claw the boulder beetle.
You headbutt the boulder beetle.
You bite the boulder beetle, but do no damage.
The boulder beetle is lightly wounded.
You feel sick.
The cane toad stings you but does no damage.
The boulder beetle barely misses you. The cane toad closely misses you.
You block the cane toad's attack. The cane toad stings you!
* * * LOW HITPOINT WARNING * * *
You hit the boulder beetle.
You claw the boulder beetle, but do no damage.
You bite the boulder beetle, but do no damage.
The boulder beetle is lightly wounded.
You feel sick. The cane toad stings you!
* * * LOW HITPOINT WARNING * * *
You block the cane toad's attack.
The boulder beetle bites you but does no damage.
The cane toad closely misses you. The cane toad misses you.
You can now pass through a line of other dancers.
You feel sick.
The cane toad stings you but does no damage.
The cane toad barely misses you. The boulder beetle bites you!
* * * LOW HITPOINT WARNING * * *
The cane toad stings you!
You die...

##..P# #.....##
##.... #....##
#....#.# #P....
#...P.####P..###
##....
#.....P##.P...#
#.....
##............#
#.....
##...........## ###
###....
#....#.###...# #.#
#...... #####...####
##.F#####.####.#....
..##....#
##F@B....#.#P.......
........##
#..FF...............
..###....#
##....P.............
####P...##
#..##PP.###P##......
# #.....# ##.P#####
#####..... ##...##
#.### #......
#....## ##.#.#
##..... ##....#
##...## ##....#
##....# #.#.##
#^....#


You could see a boulder beetle and 4 cane toads.

Vanquished Creatures
  Gastronok (Lair:2)
  2 hydras
  A boulder beetle (Lair:3)
  Erica (D:9)
  A catoblepas (Lair:3)
  6 death yaks
  3 elephants (Lair:4)
  6 black mambas (Lair:3)
  8 cane toads
  An unseen horror (D:10)
  A rime drake (Lair:3)
  4 komodo dragons
  A polar bear (Lair:1)
  Grinder (D:5)
  A blink frog (Lair:5)
  A shadow (D:10)
  Sigmund (D:6)
  A wraith (D:9)
  3 wyverns
  37 yaks
  5 steam dragons
  3 vampire mosquitoes
  Menkaure (D:4)
  14 water moccasins
  Duvessa (D:6)
  6 orc warriors
  3 black bears
  2 sky beasts
  6 wolves (Lair:1)
  An ice beast (D:8)
  3 centaurs
  3 ogres
  A phantom (D:6)
  2 kobold brigands (D:9)
  12 bullfrogs
  A necrophage (D:6)
  4 scorpions
  15 wights
  Dowan (D:6)
  18 killer bees
  3 electric eels (Lair:1)
  2 howler monkeys (D:9)
  3 hounds
  3 orc priests
  Crazy Yiuf (D:3)
  Jessica (D:3)
  2 iguanas (D:5)
  11 orc wizards
  13 hell rats
  Natasha (D:3)
  Robin (D:3)
  7 adders
  7 gnolls
  7 river rats (Lair:1)
  15 white imps
  2 ufetubi (D:5)
  2 dart slugs
  A worm (D:2)
  26 orcs
  5 ball pythons
  6 endoplasms
  6 giant cockroaches
  11 goblins
  8 hobgoblins
  3 jackals (D:3)
  12 kobolds
  2 quokkas (D:3)
  4 bats
  9 frilled lizards
  6 rats
363 creatures vanquished.

Vanquished Creatures (others)
  14 fungi
  39 plants
  4 toadstools (D:1)
57 creatures vanquished.

Grand Total: 420 creatures vanquished

Notes
Turn   | Place    | Note
-------+----------+-------------------------------------------
     0 | D:1      | Darthill6464 the Vine Stalker Transmuter began the quest
                  | for the Orb.
     0 | D:1      | Reached XP level 1. HP: 9/9 MP: 4/4
   339 | D:1      | Reached XP level 2. HP: 11/14 MP: 3/6
   527 | D:1      | Learned a level 2 spell: Wereblood
   529 | D:1      | Learned a level 1 spell: Animate Skeleton
   686 | D:1      | Found a faded altar of an unknown god.
  1168 | D:2      | Reached XP level 3. HP: 12/17 MP: 5/7
  1857 | D:2      | Reached skill level 1 in Fighting
  2234 | D:2      | Reached skill level 1 in Stealth
  2234 | D:2      | Gained mutation: Your natural rate of healing is unusually
                  | fast. [Vine Stalker growth]
  2234 | D:2      | Reached XP level 4. HP: 16/22 MP: 4/9
  2906 | D:3      | Found Gavykh's General Store.
  2975 | D:3      | Noticed Robin
  3131 | D:3      | Killed Robin
  3265 | D:3      | Found a shimmering blue altar of Sif Muna.
  3302 | D:3      | Reached XP level 5. HP: 25/25 MP: 8/10
  3310 | D:3      | Noticed Natasha
  3319 | D:3      | Killed Natasha
  3393 | D:3      | Noticed Jessica
  3401 | D:3      | Killed Jessica
  3402 | D:3      | Reached skill level 1 in Necromancy
  3857 | D:3      | Found a runed translucent door.
  3858 | D:3      | Noticed Crazy Yiuf
  3932 | D:3      | Killed Crazy Yiuf
  3933 | D:3      | Reached skill level 4 in Unarmed Combat
  4037 | D:4      | Noticed Menkaure
  4049 | D:4      | Killed Menkaure
  4050 | D:4      | Reached XP level 6. HP: 25/30 MP: 4/13
  4303 | D:4      | Found a blossoming altar of Fedhas.
  4369 | D:4      | Found an iron altar of Okawaru.
  4454 | D:4      | Found a hide-covered altar of Uskayaw.
  4463 | D:4      | Became a worshipper of Uskayaw the Reveller
  4619 | D:5      | Entered Level 5 of the Dungeon
  4624 | D:5      | Reached * piety under Uskayaw
  4627 | D:5      | Reached ** piety under Uskayaw
  4638 | D:5      | Noticed Grinder
  4651 | D:5      | Killed Grinder
  4651 | D:5      | Reached *** piety under Uskayaw
  4652 | D:5      | Reached skill level 5 in Unarmed Combat
  4652 | D:5      | Reached XP level 7. HP: 17/33 MP: 12/15
  4700 | D:5      | Reached **** piety under Uskayaw
  4701 | D:5      | Reached skill level 5 in Spellcasting
  4817 | D:5      | Found a shadowy altar of Dithmenos.
  4890 | D:5      | Gained mutation: You have razor-sharp teeth. [Vine Stalker
                  | growth]
  4890 | D:5      | Reached XP level 8. HP: 34/37 MP: 12/16
  4961 | D:5      | Found a white marble altar of Elyvilon.
  4962 | D:5      | Found a shimmering altar of Xom.
  5185 | D:5      | Reached skill level 6 in Unarmed Combat
  5371 | D:5      | Found Vugog's Assorted Antiques.
  5427 | D:6      | Noticed Duvessa
  5437 | D:6      | Noticed Dowan
  5450 | D:6      | Killed Duvessa
  5453 | D:6      | Killed Dowan
  5454 | D:6      | Reached skill level 5 in Transmutations
  5672 | D:6      | Found a staircase to the Ecumenical Temple.
  5836 | D:6      | Reached XP level 9. HP: 42/42 MP: 17/19
  5904 | D:6      | Noticed Sigmund
  5914 | D:6      | Killed Sigmund
  6625 | D:7      | Reached skill level 5 in Stealth
  6626 | D:7      | Reached ***** piety under Uskayaw
  6628 | D:7      | Reached skill level 7 in Unarmed Combat
  6717 | D:7      | Found a snail-covered altar of Cheibriados.
  7230 | D:7      | Reached XP level 10. HP: 46/46 MP: 22/22
  7510 | D:8      | Reached skill level 1 in Shields
  7521 | D:8      | Reached skill level 8 in Unarmed Combat
  7664 | D:8      | HP: 2/47 [poisoned by a killer bee]
  7669 | D:8      | HP: 2/47 [poisoned by a killer bee]
  8714 | D:9      | Found an opulent altar of Gozag.
  8715 | D:9      | Found a glowing silver altar of Zin.
  8827 | D:9      | Noticed Erica
  8830 | D:9      | Reached skill level 9 in Unarmed Combat
  8841 | D:9      | Killed Erica
  8842 | D:9      | Reached XP level 11. HP: 43/51 MP: 18/25
  8907 | D:9      | Identified the +8 chain mail "Wives" {rF++ Int-4}
  9366 | D:10     | Entered Level 10 of the Dungeon
  9379 | D:10     | Found a basalt altar of Yredelemnul.
  9498 | D:10     | Identified the +4 spear of the Hidden Xeniums {vorpal,
                  | Int+6}
  9571 | D:10     | Found a large runed translucent door.
  9572 | D:10     | Found a large runed translucent door.
  9596 | D:10     | Found an ornate altar of the Wu Jian Council.
  9638 | D:10     | Found a staircase to the Orcish Mines.
  9843 | D:10     | Found a staircase to the Lair.
 10231 | D:10     | Found a broken altar of Ashenzari.
 10256 | D:10     | Found a sparkling altar of Nemelex Xobeh.
 10391 | Lair:1   | Entered Level 1 of the Lair of Beasts
 10471 | Lair:1   | Reached skill level 1 in Armour
 10813 | Lair:1   | Reached skill level 10 in Unarmed Combat
 10827 | Lair:1   | Reached ****** piety under Uskayaw
 10829 | Lair:1   | Reached skill level 10 in Spellcasting
 12165 | Lair:2   | Noticed Gastronok
 12187 | Lair:2   | Killed Gastronok
 12188 | Lair:2   | Reached XP level 12. HP: 43/56 MP: 27/27
 12196 | Lair:2   | Found a frozen archway.
 12250 | Lair:2   | Noticed a death yak
 12254 | Lair:2   | Noticed a death yak
 12255 | Lair:2   | Noticed a death yak
 12255 | Lair:2   | Noticed a death yak
 12256 | Lair:2   | Noticed a death yak
 12258 | Lair:2   | Noticed a death yak
 12261 | Lair:2   | Killed a death yak
 12286 | Lair:1   | Killed a death yak
 12295 | Lair:1   | Killed a death yak
 12302 | Lair:1   | Killed a death yak
 12303 | Lair:1   | Reached skill level 11 in Unarmed Combat
 12566 | Lair:2   | Killed a death yak
 12573 | Lair:2   | Killed a death yak
 12657 | Lair:2   | Noticed a five-headed hydra
 12665 | Lair:2   | Killed a five-headed hydra
 12997 | Lair:2   | Found a staircase to the Shoals.
 13279 | Lair:3   | Noticed a boulder beetle
 13337 | Lair:3   | Killed a boulder beetle
 13567 | Lair:3   | Found a staircase to the Snake Pit.
 13623 | Lair:3   | Identified a scroll of acquirement
 13711 | Lair:3   | Reached XP level 13. HP: 60/60 MP: 27/29
 13712 | Lair:3   | Acquired 1081 gold pieces
 13741 | Lair:3   | Reached skill level 12 in Unarmed Combat
 15368 | Lair:5   | Reached skill level 10 in Stealth
 15823 | Lair:6   | Entered Level 6 of the Lair of Beasts
 15874 | Lair:5   | Slain by a cane toad

Illustrated notes

Levels and vault maps discovered:
D:1:      ldierk_water_garden, layout_loops_ring,
          ebering_ecumenical_altar_sacrificial
D:2:      layout_basic, minmay_lizard_king
D:3:      layout_basic, mainiacjoe_overflow_catwalk, serial_shops,
          nicolae_shop_crystal, chequers_serial_rivers_marsh,
          uniq_crazy_yiuf_cottage, uniq_jessica, uniq_robin, uniq_natasha
D:4:      layout_rooms, general_overflow_altar, nicolae_overflow_hidden_temple,
          mainiacjoe_overflow_chevrons, uniq_menkaure
D:5:      nicolae_BIG_FREAKIN_CUBE, layout_cave_pools, grunt_dithmenos_smoke,
          nicolae_overflow_squiral, serial_shops, kennysheep_mini_moat,
          grunt_ministairs_8, uniq_grinder
D:6:      layout_basic, minmay_temple_entry_grid, uniq_duvessa, uniq_sigmund
D:7:      layout_cave_pools, amcnicky_altar_gilded
D:8:      layout_basic, st_stairs_5, grunt_ministairs_5
D:9:      layout_loops_ring, grunt_temple_overflow_gold_and_silver,
          blue_anna_alchemist, uniq_erica
D:10:     layout_cave_pods, mainiacjoe_overflow_brackets, jmf_multi_god_temple2,
          mainiacjoe_overflow_alcove_2, lair_entry_dummy, david_orc_3
D:11:     layout_irregular_city
Lair:1:   layout_regular_city, kennysheep_rathole, serial_bayou_shore_a,
          infiniplex_staircase_pool, lemuel_fruit_fields
Lair:2:   layout_regular_city, elwin_shoals_entry_rooms,
          portal_ice_cave_entry_imps, uniq_gastronok
Lair:3:   layout_chaotic_city, minmay_snake_entry_six_corridors
Lair:4:   hellmonk_ruined_rings, layout_regular_city
Lair:5:   layout_long_grid
Lair:6:   minmay_lair_end_frog_pond, layout_cave_pods, slime_altar_2

Skill      XL: |  1  2  3  4  5  6  7  8  9 10 11 12 13 |
---------------+----------------------------------------+-----
Fighting       | 1 2 3 |  3.1
Spellcasting   | 3 4 5 6 7 9 10 11 | 11.6
Stealth        | 1 2 3 5 6 7 9 10 | 10.2
Transmutations | 3 4 5 6 7 8 9 |  9.4
Necromancy     | 1 2 3 |  3.6
Unarmed Combat | 4 5 6 7 9 10 11 12 | 12.7
Dodging        | 2 3 4 |  4.3
Shields        | 1 2 3 |  3.4
Armour         | 2 3 4 |  4.2

Action                   |  1- 3 |  4- 6 |  7- 9 | 10-12 | 13-15 || total
-------------------------+-------+-------+-------+-------+-------++-------
Melee: Unarmed           |    59 |    93 |   138 |   473 |   119 ||   882
       Kick              |     6 |    17 |    49 |   160 |    50 ||   282
       Bite              |    10 |    20 |    41 |   175 |    49 ||   295
       Headbutt          |     3 |     4 |    34 |   119 |    35 ||   195
       Punch             |     2 |     1 |     6 |    37 |    10 ||    56
 Cast: Beastly Appendage |    13 |    26 |    28 |    62 |    18 ||   147
       Wereblood         |     8 |    18 |    25 |    40 |    14 ||   105
       Animate Skeleton  |     2 |     8 |     5 |    30 |       ||    45
  Use: Potion            |     1 |       |       |     1 |       ||     2
       Scroll            |       |       |       |    13 |     2 ||    15
 Stab: Sleeping          |     1 |       |     4 |     1 |       ||     6
       Paralysed         |       |       |     7 |    31 |    13 ||    51
       Distracted        |       |       |     1 |       |       ||     1
Armor: Robe              |     7 |    13 |     9 |    14 |       ||    43
       Skin              |     3 |       |       |       |       ||     3
       Chain mail        |       |       |       |   130 |    51 ||   181
Dodge: Dodged            |    27 |    53 |    90 |   239 |    64 ||   473
Block: Other             |       |       |     9 |    90 |    23 ||   122

Table legend: (Time is in decaauts)
 A = Elapsed time spent in this place.
 B = Non-inter-level travel time spent in this place.
 C = Inter-level travel time spent in this place.
 D = Time resting spent in this place.
 E = Time spent auto-exploring this place.
 F = Levels seen in this place.
 G = Mean time per level.
                   A        B        C        D        E       F      G
               +--------+--------+--------+--------+--------+-----+--------+
         Total |  15778 |  15259 |    519 |   2061 |   9068 |  17 |  928.1 |
       Dungeon |  10345 |   9978 |    367 |   1154 |   6059 |  11 |  940.5 |
          Lair |   5432 |   5281 |    151 |    907 |   3008 |   6 |  905.3 |
               +--------+--------+--------+--------+--------+-----+--------+

Top non-repeatable levels by time:
  Lair:1: 1851 daAuts
     D:2: 1647 daAuts
     D:8: 1369 daAuts
     D:3: 1315 daAuts
     D:6: 1136 daAuts
     D:1: 1058 daAuts
  Lair:2: 996 daAuts
    D:10: 995 daAuts
  Lair:5: 907 daAuts
  Lair:3: 848 daAuts
  Lair:4: 820 daAuts
     D:5: 803 daAuts
     D:9: 729 daAuts
     D:7: 667 daAuts
     D:4: 601 daAuts
